 Dungeon Crawl Stone Soup version 0.30.1-9-gdf580d7c3d (webtiles) character file.

Game seed: 17828999062270920159

1907 kfffffffffffffgeeege the Fighter (level 8, -1/73 HPs)
             Began as a Demonspawn Berserker on Oct 14, 2023.
             Was a Believer of Trog.
             Engulfed by a cloud of flame (10 damage)
             ... on level 6 of the Dungeon.
             The game lasted 00:39:10 (5014 turns).

kfffffffffffffgeeege the Fighter (DsBe)             Turns: 5014, Time: 00:39:11

Health: -1/73      AC: 17    Str: 21    XL:     8   Next: 94%
Magic:  8/8        EV: 10    Int:  8    God:    Trog [**....]
Gold:   1259       SH:  0    Dex: 12    Spells: 7/7 levels left

rFire   + . .        a - +5 scimitar (protect)
rCold   x . .        (no shield)
rNeg    . . .        k - +0 scale mail {rPois}
rPois   +            (helmet unavailable)
rElec   .            z - +0 cloak
rCorr   .            t - +0 pair of gloves
SInv    .            (no boots)
Will    +++..        (no amulet) Stlth
                     b - ring of willpower
HPRegen 1.32/turn    v - ring of fire
MPRegen 0.11/turn

%: no passive effects
@: mighty, strong-willed, under a protective aura, regenerating
A: horns 3, icy blue scales 1, demonic guardian 1
a: Renounce Religion, Berserk, Trog's Hand


You were on level 6 of the Dungeon.
You worshipped Trog.
Trog was pleased with you.
You visited 1 branch of the dungeon, and saw 6 of its levels.

You collected 1259 gold pieces.

Inventory:

Hand Weapons
 a - a +5 scimitar of protection (weapon)
Armour
 k - a +0 scale mail of poison resistance (worn)
 t - a +0 pair of gloves (worn)
 z - a +0 cloak (worn)
Jewellery
 b - a ring of willpower (left hand)
 v - a ring of fire (right hand)
Scrolls
 c - a scroll of torment
 e - 3 scrolls of teleportation
 g - 2 scrolls of immolation
 l - a scroll of blinking
 q - a scroll of amnesia
Potions
 d - 4 potions of curing
 f - a potion of cancellation {unknown}
 h - a potion of degeneration {unknown}
 j - 3 potions of heal wounds
 m - 2 potions of might
 n - 2 potions of invisibility {unknown}
 p - a potion of magic {unknown}
 s - a potion of resistance
 u - 2 potions of flight {unknown}


   Skills:
 - Level 10.5 Fighting
 * Level 5.2 Long Blades
 - Level 2.6 Axes
 - Level 1.7 Armour
 - Level 1.7 Dodging


You had 7 spell levels left.
You didn't know any spells.
Your spell library contained the following spells:

 Spells                   Type           Power      Damage    Failure   Level
 Sublimation of Blood     Necr           0%         N/A       88%         2
 Wereblood                Tmut           0%         N/A       88%         2
 Summon Hydra             Summ           0%         N/A       100%        7


Dungeon Overview and Level Annotations

Branches:
Dungeon (6/15)             Temple (0/1) D:4

Altars:
Ashenzari
Hepliaklqana
Qazlal
Sif Muna
Xom

Annotations:
D:4 blork, Blork the orc
D:6 gloves asdfasdf, Edmund


Innate Abilities, Weirdness & Mutations

You have a pair of large horns on your head.
You are partially covered in icy blue scales. (AC +2)
A weak demonic guardian rushes to your aid.


Message History

The phantom closely misses you. The orc barely misses you.
The yak is engulfed in poison gas.
The yak looks even sicker.
Trog accepts your kill.
The yak explodes!
The fiery explosion engulfs the orc!!
Trog accepts your kill.
The fiery explosion engulfs the yak!!
Trog accepts your kill.
The fiery explosion engulfs the phantom!!
Trog accepts your kill.
The phantom explodes!
The fiery explosion engulfs the yak!!
Trog accepts your kill. The fiery explosion engulfs you!! You resist.
The yak explodes!
The fiery explosion engulfs you! You resist.
The yak explodes!
The orc explodes!
You hear a shout! x2; You hear a bark!
Your Long Blades skill gained 3 levels and is now at level 5!
Unknown command.
Okay, then.
Unknown command.
You are engulfed in blazing flames.
You resist.
Okay, then.
It was a potion of curing.
You feel better.
You are engulfed in blazing flames.
You resist.
The yak is engulfed in poison gas.
The yak is poisoned.
Flame seeps out of the yak.
You are engulfed in blazing flames.
You resist.
* * * LOW HITPOINT WARNING * * *
The yak is engulfed in poison gas.
The yak looks even sicker.
Flame seeps out of the yak.
You slash the yak!
Flame seeps out of the yak.
Your weapon exudes an aura of protection.
You headbutt the yak. Trog accepts your kill.
The yak explodes!
The fiery explosion engulfs you! You resist.
* * * LOW HITPOINT WARNING * * *
A demonic guardian appears!
You are engulfed in blazing flames.
You resist.
You die...

....).....
.........§§ ○.°
.........§§° °.
.........§°§§ .○
#........☼°°°##§
.......[.○§§°§§☼
##.......§§§☼☼§5##
###... ○°§§○○§§# ..
§°☼§§°§@###
##☼§§§○§§°##### .
#§####☼§☼#...### #
##§§°§§☼....# .
....§☼°°#§§..###
...°°○###§☼○§#.#
....☼°§##..°§☼..###
...°§°§°....☼○....#
...........)..#.###


You could see a friendly white imp (summoned).

Vanquished Creatures
  Sigmund (D:5)
  4 yaks (D:6)
  An ice beast (D:5)
  A centaur (D:6)
  2 phantoms
  2 scorpions
  4 wights (D:5)
  A gnoll bouda (D:4)
  4 hounds
  3 iguanas
  4 orc wizards
  5 gnolls
  9 adders
  2 ufetubi
  4 worms
  4 dart slugs
  28 orcs
  6 bats
  5 endoplasms
  5 giant cockroaches
  5 goblins
  3 hobgoblins
  6 jackals
  7 kobolds
  3 quokkas
  5 ball pythons
  2 frilled lizards (D:2)
  6 rats
132 creatures vanquished.

Vanquished Creatures (collateral kills)
  An iguana (D:5)
  An orc wizard (D:4)
2 creatures vanquished.

Grand Total: 134 creatures vanquished

Notes
Turn   | Place    | Note
-------+----------+-------------------------------------------
     0 | D:1      | kfffffffffffffgeeege the Demonspawn Berserker began the
                  | quest for the Orb.
     0 | D:1      | Reached XP level 1. HP: 18/18 MP: 1/1
   327 | D:1      | Gained mutation: You have a pair of small horns on your
                  | head. [demonic ancestry]
   327 | D:1      | Reached XP level 2. HP: 21/24 MP: 2/2
   367 | D:1      | Found a faded altar of an unknown god.
   545 | D:2      | Reached skill level 4 in Fighting
   763 | D:2      | Reached XP level 3. HP: 14/30 MP: 3/3
  1073 | D:2      | Reached ** piety under Trog
  1193 | D:2      | Reached skill level 5 in Fighting
  1193 | D:2      | Gained mutation: You are partially covered in icy blue
                  | scales. (AC +2) [demonic ancestry]
  1193 | D:2      | Reached XP level 4. HP: 34/39 MP: 4/4
  2508 | D:4      | Gained mutation: A weak demonic guardian rushes to your
                  | aid. [demonic ancestry]
  2508 | D:4      | Reached XP level 5. HP: 45/46 MP: 5/5
  2525 | D:3      | Reached skill level 6 in Fighting
  2602 | D:4      | Found a staircase to the Ecumenical Temple.
  2655 | D:4      | Found a stormy altar of Qazlal.
  2840 | D:4      | Gained mutation: You have a pair of horns on your head.
                  | [demonic ancestry]
  2840 | D:4      | Reached XP level 6. HP: 53/53 MP: 6/6
  2935 | D:4      | Reached skill level 7 in Fighting
  2991 | D:4      | Noticed Blork the orc
  2999 | D:4      | Found a shimmering blue altar of Sif Muna.
  3157 | D:4      | Found a hazy altar of Hepliaklqana.
  3170 | D:5      | Entered Level 5 of the Dungeon
  3334 | D:5      | Noticed Sigmund
  3339 | D:5      | Killed Sigmund
  3340 | D:5      | Reached skill level 8 in Fighting
  3340 | D:5      | Reached XP level 7. HP: 62/62 MP: 7/7
  3539 | D:5      | Reached skill level 9 in Fighting
  3721 | D:5      | Found a broken altar of Ashenzari.
  4155 | D:5      | Reached *** piety under Trog
  4192 | D:5      | Gained mutation: You have a pair of large horns on your
                  | head. [demonic ancestry]
  4192 | D:5      | Reached XP level 8. HP: 57/72 MP: 8/8
  4396 | D:5      | Reached skill level 10 in Fighting
  4748 | D:5      | Identified a scroll of acquirement
  4748 | D:5      | Acquired 880 gold pieces
  4841 | D:6      | Reached skill level 1 in Long Blades
  4893 | D:6      | Noticed Edmund
  4984 | D:6      | Found a shimmering altar of Xom.
  5011 | D:6      | Reached skill level 5 in Long Blades
  5014 | D:6      | Engulfed by a cloud of flame

Illustrated notes

Levels and vault maps discovered:
D:1:      psy_arrival_fountain, layout_basic, shapermc_ecumenical_altar_ellora
D:2:      layout_basic, minmay_gold_behind_fungi
D:3:      layout_rooms, minmay_stone_trees_medium
D:4:      layout_rooms, nzn_hepliaklqana_mist_gate,
          nicolae_qazlal_scattered_showers, tgw_sif,
          minmay_temple_entry_statues_fountains
D:5:      layout_loops_ring, mainiacjoe_overflow_divided_tiny,
          serial_co_window_serial, co_window_paths_a, co_window_corner_a,
          co_window_of_opportunity_a, co_window_corner_a, co_window_corner_a,
          co_window_paths_a, co_window_corner_a, co_window_of_opportunity_b,
          co_window_corner_b, co_window_of_opportunity_b, co_window_4corner_b,
          glass_columns_a, glass_columns_a, uniq_sigmund
D:6:      layout_cave_pools, chequers_temple_overflow_statue_of_worship,
          enter_ossuary_1, minivault_11, uniq_edmund

Skill      XL: |  1  2  3  4  5  6  7  8 |
---------------+-------------------------+-----
Fighting       | 4 5 6 8 9 10 | 10.5
Long Blades    | 5 |  5.2
Axes           | |  2.6
Armour         | |  1.7
Dodging        | |  1.7

Action                     |  1- 3 |  4- 6 |  7- 9 || total
---------------------------+-------+-------+-------++-------
  Melee: Hand axe          |    98 |   175 |   108 ||   381
         Headbutt          |    16 |    30 |    26 ||    72
         Punch             |       |     1 |       ||     1
         Scimitar          |       |       |    17 ||    17
 Invoke: Berserk           |     1 |     5 |     2 ||     8
         Trog's Hand       |       |     3 |     3 ||     6
    Use: Scroll            |       |     6 |    11 ||    17
         Potion            |       |       |     3 ||     3
 Armour: Ring mail         |    49 |    29 |       ||    78
         Animal skin       |     1 |       |       ||     1
         Scale mail        |       |    51 |    59 ||   110
  Dodge: Dodged            |    60 |    78 |    81 ||   219
